[Event "Early-Titled-Tuesday-Blitz-August-29-2023"]
[Site "Chess.com"]
[Date "2023.08.29"]
[Round "10"]
[White "nihalsarin"]
[Black "DenLaz"]
[Result "1-0"]
[WhiteElo "3148"]
[BlackElo "3061"]
[TimeControl "180+1"]
[EndTime "9:54:18 PDT"]
[Termination "nihalsarin won by resignation"]

1. Nf3 d5 2. b3 c6 3. Bb2 Nf6 4. g3 Bf5 5. Bg2 e6 6. O-O Be7 7. c4 O-O 8. d3 h6 9. Nbd2 Nbd7 10. a3 a5 11. Qc2 Bh7 12. Bc3 c5 13. cxd5 exd5 14. e4 dxe4 15. dxe4 b5 16. a4 b4 17. Bb2 Re8 18. Rfe1 Bf8 19. Rad1 Qc7 20. Bh3 Qc6 21. Bf5 Bxf5 22. exf5 Rxe1+ 23. Rxe1 Qd5 24. Bxf6 Nxf6 25. Kg2 Re8 26. Rxe8 Nxe8 27. Nc4 Nd6 28. Nxa5 Nxf5 29.
Nc4 Qxf3+ 30. Kxf3 Nd4+ 31. Ke4 Nxc2 32. a5 Na3 33. Kd5 Nb5 34. Kc6 Nd6 35. Nxd6 Bxd6 36.
Kxd6 c4 37. bxc4 b3 38. a6 b2 39. a7 b1=Q 40. a8=Q+ Kh7 41. c5 Qb4 42. Qd5 Qb8+ 43. Kd7 Qa7+ 44. Ke8 Qb8+ 45. Kd7 Qa7+ 46. Kc8 Qa6+ 47.
Qb7 Qe6+ 48. Qd7 Qa6+ 49. Kb8 Qa5 50. c6 Qb6+ 51. Kc8 Qa6+ 52. Qb7 Qa4 53. Kb8 Qd4 54. c7 Qd6 55. Qb1+ g6 56. Qb5 Qe7 57. c8=Q 1-0

[Event "Early-Titled-Tuesday-Blitz-August-29-2023"]
[Site "Chess.com"]
[Date "2023.08.29"]
[Round "10"]
[White "ViktoriyaTarasova"]
[Black "bazar-wokzal"]
[Result "0-1"]
[WhiteElo "2428"]
[BlackElo "2602"]
[TimeControl "180+1"]
[EndTime "9:54:18 PDT"]
[Termination "bazar-wokzal won on time"]

1. d4 Nf6 2. c4 Nc6 3. d5 Ne5 4. Qd4 Ng6 5. e4 e5 6. Qd3 Bc5 7. h3 O-O 8. Be2 d6 9. Nf3 c6 10. O-O cxd5 11. cxd5 Nh5 12. Nc3 f5 13. Bg5 Qe8 14.
exf5 Bxf5 15. Ne4 Ng3 16. Nfd2 Nxf1 17. Rxf1 h6 18. Be3 Nf4 19. Bxf4 exf4 20. Bf3 Qg6 21. Kh2 Rae8 22. Qc4 Bb6 23. Qb4 Rd8 24. a4 Rd7 25. a5 Bd8 26. Rc1 Be7 27. Qd4 a6 28.
Qb4 Qe8 29. Rc4 g5 30. Qb3 h5 31. Qd1 Bg6 32. b3 Kh7 33. g4 fxg3+ 34. fxg3 Kh6 35. Kg2 Bf5 36. Qe2 Qg6 37. g4 hxg4 38. hxg4 Bxe4 39. Rxe4 Bf6 40. Qe1 Be5 41. Nc4 Re7 42. Nxe5 Rxe5 43. Rxe5 dxe5 44. Qxe5 Qf6 45. Qe4 Rf7 46. b4 Re7 47. Qd3 Qb2+ 48. Kg3 Qxb4 49. d6 Qf4+ 50.
Kg2 Re3 51. Qd5 Re5 52. Qg8 Qd2+ 53. Kg3 Qxd6 54. Qh8+ Kg6 55. Qg8+ Kf6 56. Qh8+ Ke7 57. Qg7+ Kd8 58. Qg8+ Re8+ 0-1

[Event "Early-Titled-Tuesday-Blitz-August-29-2023"]
[Site "Chess.com"]
[Date "2023.08.29"]
[Round "10"]
[White "amanjazu"]
[Black "Balla_Tamas"]
[Result "1/2-1/2"]
[WhiteElo "2333"]
[BlackElo "2422"]
[TimeControl "180+1"]
[EndTime "9:54:20 PDT"]
[Termination "Game drawn by repetition"]

1. f4 e5 2. fxe5 d6 3. exd6 Bxd6 4. Nf3 g5 5. d4 g4 6. Ne5 Nc6 7. Bf4 Bf5 8. Nc3 Nge7 9. e4 Bg6 10. Bb5 O-O 11. O-O f5 12. Nxg6 hxg6 13. e5 Bb4 14. Bc4+ Kg7 15. Ne2 Nd5 16. c3 Be7 17. e6 g5 18.
Bxd5 Qxd5 19. Bxc7 Qxe6 20. d5 Qe3+ 21. Kh1 Rac8 22.
dxc6 Rxc7 23. Qd4+ Qxd4 24. Nxd4 Kg6 25. Ne6 Rxc6 26. Nxf8+ Bxf8 27. Rae1 Bc5 28. Rd1 g3 29. h3 g4 30. Rf4 Kg5 31. Rff1 gxh3 32. gxh3 Kh4 33.
Kg2 Rf6 34. Rf4+ Kg5 35. Kxg3 Bd6 36. h4+ Kg6 37. Kf3 Bxf4 38. Kxf4 Re6 39. Rg1+ Kf6 40. h5 Re4+ 41. Kf3 Rh4 42. Rg6+ Ke5 43. h6 Rh3+ 44. Kg2 Rh5 45. Kg3 Rh1 46. Kg2 Rh4 47. Rg7 Rxh6 48. Rxb7 a6 49. Kf3 Rh3+ 50. Ke2 f4 51. Re7+ Kf5 52.
Rg7 Ke4 53. Re7+ Kf5 54. Rf7+ Ke4 55. Re7+ Kf5 1/2-1/2

[Event "Early-Titled-Tuesday-Blitz-August-29-2023"]
[Site "Chess.com"]
[Date "2023.08.29"]
[Round "10"]
[White "Khromkin"]
[Black "chessajedrezz2020"]
[Result "0-1"]
[WhiteElo "2348"]
[BlackElo "2677"]
[TimeControl "180+1"]
[EndTime "9:54:21 PDT"]
[Termination "chessajedrezz2020 won by checkmate"]

1. d4 c5 2. d5 d6 3. Nc3 g6 4. e4 Bg7 5. f4 Bxc3+ 6. bxc3 Nf6 7. Bd3 c4 8. Bxc4 Nxe4 9. Qd4 Nf6 10. Nf3 O-O 11. O-O Bf5 12. Bd3 Qc8 13. Nh4 Bxd3 14.
cxd3 Nbd7 15. f5 Qc5 16. fxg6 Qxd4+ 17. cxd4 hxg6 18. Bg5 Nxd5 19. Nf3 Kg7 20. Rab1 b6 21. Rb5 e6 22. Nd2 Rac8 23. Ne4 Rc6 24. Bd2 f6 25. Re1 Rfc8 26. h4 Nf8 27. a4 R8c7 28. a5 bxa5 29.
Rxa5 Rb6 30. Rea1 f5 31. Ng5 Rb2 32. Be1 Nf4 33. Rxa7 Rbb7 34. Bg3 Nxd3 35. Bxd6 Rxa7 36. Rd1 Rc1 37. Rxc1 Nxc1 38. Be5+ Kg8 39. Nf3 Nd3 40. h5 Rb7 41. h6 Nh7 42. Nh4 Nxe5 43. dxe5 Kf7 44.
Nf3 g5 45. Nd4 Rd7 46. Nc6 Rd5 47. Kf2 g4 48. Ke3 Nf8 49. Kf4 Ng6+ 50. Kg5 Nxe5 51. Nb4 Nd7 52. Nxd5 exd5 53. Kxf5 Nf6 54. Ke5 Kg6 55. h7 Nxh7 56. Kxd5 Kf5 57. Kd4 Kf4 58. Kd3 Kg3 59. Ke4 Kxg2 60. Kf5 g3 61. Kg4 Kf2 62.
Kh3 g2 63. Kh4 g1=Q 64. Kh5 Qg5# 0-1

[Event "Early-Titled-Tuesday-Blitz-August-29-2023"]
[Site "Chess.com"]
[Date "2023.08.29"]
[Round "10"]
[White "GMKrikor"]
[Black "DanielNaroditsky"]
[Result "1/2-1/2"]
[WhiteElo "2876"]
[BlackElo "3134"]
[TimeControl "180+1"]
[EndTime "9:54:22 PDT"]
[Termination "Game drawn - insufficient material"]

1. Nf3 Nf6 2. c4 g6 3. Nc3 Bg7 4. e4 d6 5. d4 O-O 6. h3 e5 7. d5 a5 8. g4 Na6 9. Be3 Nc5 10. Nd2 c6 11. Rg1 a4 12. Be2 Qa5 13. Qc2 Bd7 14. g5 Ne8 15. h4 Nc7 16. h5 cxd5 17.
cxd5 b5 18. h6 Bh8 19. a3 Rfc8 20. Rg3 N7a6 21. Kf1 Rc7 22. Kg1 Rac8 23. Rf1 f5 24. gxf6 Bxf6 25. Qd1 Rf8 26. Bg4 Bxg4 27. Qxg4 Rcf7 28.
Qe2 Nc7 29. Bxc5 dxc5 30. d6 Ne6 31. Qxb5 Qd8 32. Nd5 Bh4 33. Rg2 Nd4 34. Qd3 Qxd6 35. Qh3 Bf6 36. Kh1 Qa6 37. Rfg1 Ne2 38. Re1 Nd4 39.
Reg1 Kh8 40. Qg4 Qd3 41. f4 exf4 42. Nxf4 Qe3 43. Nd5 Qxh6+ 44. Rh2 Qg7 45. Qxg6 Qxg6 46.
Rxg6 Be5 47. Rh5 Rf2 48. Rg2 Bb8 49. Nc4 Ne2 50. e5 Rf1+ 51. Kh2 Nd4 52. Rhg5 Nf3+ 53. Kh3 Nxg5+ 54. Rxg5 R1f5 55. Rxf5 Rxf5 56. Kg4 Rxe5 57. Nxe5 Bxe5 58. Nb6 Bxb2 59. Nxa4 Bxa3 60. Nxc5 Bxc5 61. Kh3 h5 62. Kg2 h4 63. Kh1 h3 64. Kh2 Bd4 65.
Kxh3 1/2-1/2

[Event "Early-Titled-Tuesday-Blitz-August-29-2023"]
[Site "Chess.com"]
[Date "2023.08.29"]
[Round "10"]
[White "HamedWafa4"]
[Black "Kostukov_Alex"]
[Result "1-0"]
[WhiteElo "2544"]
[BlackElo "2379"]
[TimeControl "180+1"]
[EndTime "9:54:22 PDT"]
[Termination "HamedWafa4 won on time"]

1. d4 g6 2. e4 c5 3. dxc5 Qa5+ 4. c3 Qxc5 5. Be3 Qc7 6. Na3 Nc6 7. Nb5 Qb8 8. Nf3 Nf6 9. e5 Nxe5 10. Bf4 d6 11.
Qe2 Nxf3+ 12. Qxf3 Bg4 13. Bxd6 Bxf3 14. Bxb8 Rxb8 15. gxf3 a6 16. Nd4 Bh6 17. Bc4 O-O 18. Ke2 Nh5 19. Rhe1 Rfd8 20. Kf1 e6 21. Rad1 Bf4 22.
Kg2 Bc7 23. Re4 Nf4+ 24. Kf1 Kg7 25. Rde1 e5 26. Ne2 f5 27. Nxf4 fxe4 28. Ne6+ Kf6 29.
Nxc7 exf3 30. Nd5+ Kf5 31. Ne3+ Kf4 32. Nd5+ Kf5 33.
Re3 e4 34. Bb3 b5 35. Bc2 Re8 36. Nb4 Kf4 37. Nd5+ Kf5 38. Nb4 Kf4 39. Nxa6 Rbd8 40. Nb4 Rd2 41. Ke1 Rd6 42. Bb3 Re5 43. Nc2 g5 44. Nd4 g4 45. Bc2 b4 46. Kd2 bxc3+ 47. bxc3 Ra5 48. Bb3 h5 49. Re1 h4 50. Rg1 Rg6 51.
Ne6+ Ke5 52. Ke3 Rxe6 53. Bxe6 Kxe6 54. Rxg4 Rxa2 55. Rxe4+ Kd5 56. Rxh4 Re2+ 57. Kxf3 Rc2 58. Rh5+ Ke6 59. Rc5 Kd6 60. Rc8 Kd5 61. h4 Rc1 62.
h5 Rh1 63. Kg4 Ke5 64. f4+ Ke6 65. h6 1-0

[Event "Early-Titled-Tuesday-Blitz-August-29-2023"]
[Site "Chess.com"]
[Date "2023.08.29"]
[Round "10"]
[White "mishanick"]
[Black "rasmussvane"]
[Result "1-0"]
[WhiteElo "3133"]
[BlackElo "2977"]
[TimeControl "180+1"]
[EndTime "9:54:24 PDT"]
[Termination "mishanick won by resignation"]

1. d4 Nf6 2. c4 e6 3. Nc3 Bb4 4. e3 O-O 5. Bd3 d5 6. a3 Bxc3+ 7. bxc3 dxc4 8. Bxc4 c5 9. Ne2 Qc7 10. Qd3 e5 11.
dxe5 Qxe5 12. f3 Be6 13. e4 Bxc4 14. Qxc4 Nbd7 15. O-O Qe6 16. Qb5 Qb6 17. Rb1 Qxb5 18. Rxb5 b6 19. Bg5 h6 20. Bxf6 Nxf6 21. Rd1 Rfd8 22.
Rbb1 Ne8 23. Nf4 Nd6 24. Nd5 Nc4 25. a4 Rd6 26. e5 Rdd8 27. f4 Kf8 28. Kf2 Rd7 29.
Ne3 Rxd1 30. Rxd1 Nxe3 31. Kxe3 Ke7 32. Ke4 Rb8 33. f5 b5 34. axb5 Rxb5 35. Ra1 a5 36.
g4 g6 37. c4 Rb4 38. Kd5 gxf5 39. gxf5 Rb2 40. Rxa5 Rxh2 41. f6+ Ke8 42. Ra8+ Kd7 43. Ra7+ Ke8 44. Kxc5 Rd2 45. Kc6 Rd8 46. Re7+ Kf8 47. Kc7 Ra8 48. c5 h5 49. c6 h4 50. Kb7 Ra3 51. Rd7 Rb3+ 52. Kc8 Kg8 53. c7 h3 54. Rd2 Rb2 55. Rxb2 Kh7 56. Rh2 Kg6 57. Kd8 1-0

[Event "Early-Titled-Tuesday-Blitz-August-29-2023"]
[Site "Chess.com"]
[Date "2023.08.29"]
[Round "10"]
[White "jcibarra"]
[Black "MBA_CHESS_2021"]
[Result "1-0"]
[WhiteElo "2871"]
[BlackElo "2333"]
[TimeControl "180+1"]
[EndTime "9:54:25 PDT"]
[Termination "jcibarra won by checkmate"]

1. e4 e5 2. Nf3 Nc6 3. Bb5 Nd4 4. Nxd4 exd4 5. Bc4 Nf6 6. O-O d6 7. Re1 Be7 8. c3 dxc3 9. Nxc3 O-O 10. d4 Be6 11.
Bd3 c6 12. Qc2 h6 13. h3 Rc8 14. f4 Bd7 15. e5 Nd5 16. f5 Nb4 17. Qd1 Nxd3 18.
Qxd3 dxe5 19. dxe5 Bc5+ 20. Kh1 Re8 21. Bf4 Qh4 22. Rf1 Rcd8 23. Rae1 Bc8 24. Qc4 Bf2 25. e6 fxe6 26. f6 gxf6 27. Re4 f5 28. Be3 fxe4 29. Bxf2 Qg5 30. Nxe4 Qg7 31. Bh4 Rd5 32. Nf6+ Kh8 33. Nxe8 Qd4 34. Bf6+ Qxf6 35. Nxf6 Kg7 36. Nxd5 exd5 37.
Qf4 Bxh3 38. gxh3 d4 39. Rg1+ Kh7 40. Qxd4 h5 41. Qxa7 h4 42. Qxb7+ Kh6 43. a4 Kh5 44. a5 c5 45. a6 c4 46. a7 c3 47. b4 c2 48. Rc1 Kg5 49. b5 Kf4 50. Qd5 Kg3 51. b6 Kxh3 52. b7 Kg3 53. b8=Q+ Kh3 54. Qdb3+ Kg4 55. a8=Q Kh5 56. Qe4 Kh6 57. Qbd5 Kg7 58.
Qbb7+ Kf6 59. Qbc6+ Kg7 60. Rxc2 Kf8 61. Rb2 Kg7 62. Rb7+ Kf8 63. Kg1 h3 64. Qb4# 1-0

[Event "Early-Titled-Tuesday-Blitz-August-29-2023"]
[Site "Chess.com"]
[Date "2023.08.29"]
[Round "10"]
[White "KNVB"]
[Black "angryspacevoid"]
[Result "1-0"]
[WhiteElo "2786"]
[BlackElo "2550"]
[TimeControl "180+1"]
[EndTime "9:54:30 PDT"]
[Termination "KNVB won by checkmate"]

1. d4 d5 2. Bf4 Nf6 3. e3 c5 4.
c3 Qb6 5. Qb3 Nc6 6. Nd2 c4 7.
Qc2 g6 8. e4 Bg7 9. exd5 Nxd5 10. Nxc4 Qd8 11. Bg3 Bf5 12. Bd3 Ndb4 13. cxb4 Nxd4 14.
Qd1 Rc8 15. Rc1 Bxd3 16. Qxd3 b5 17. Ne2 bxc4 18. Qe4 O-O 19. Nxd4 Bxd4 20. O-O Bxb2 21. Rxc4 Rxc4 22. Qxc4 Qb6 23. Rb1 Bf6 24. a3 Rd8 25. h3 Rd2 26. a4 a5 27. b5 h5 28. Kh1 h4 29. Bxh4 Bxh4 30. Qxh4 Rxf2 31. Re1 Rf6 32. Rd1 Kg7 33. Qe4 Re6 34. Qd4+ Qxd4 35. Rxd4 Kf6 36. Kg1 Ke5 37. Rd2 Rb6 38. Kf2 f5 39. Ke3 Kf6 40.
h4 e5 41. g3 Ke6 42. Rc2 Kd5 43. Kd3 e4+ 44. Ke3 Rb7 45. Rc6 Rg7 46. Ra6 g5 47.
hxg5 Rxg5 48. Kf2 Kd4 49. Rxa5 e3+ 50. Kf3 Kd3 51. b6 e2 52. Rd5+ Kc4 53. Re5 Rg6 54.
a5 Kb4 55. Rxe2 Kxa5 56. Rb2 Rxb6 57. Rxb6 Kxb6 58. Kf4 Kc6 59. Kxf5 Kd7 60. Kf6 Ke8 61. Kg7 Ke7 62. g4 Ke6 63. g5 Ke7 64. g6 Ke6 65. Kh7 Kf6 66. g7 Kf5 67. g8=Q Ke4 68. Qg6+ Kd4 69.
Kg7 Kc5 70. Qf6 Kb5 71. Kg6 Kb4 72. Qf5 Kc4 73. Kf6 Kb4 74. Qe5 Kb3 75. Ke6 Kc2 76. Qd5 Kc3 77. Ke5 Kc2 78. Qd4 Kc1 79. Kd5 Kb1 80. Qc4 Kb2 81. Kd4 Kb1 82. Qc3 Ka2 83. Kc4 Kb1 84. Qd2 Ka1 85. Kb3 Kb1 86. Qd1# 1-0

[Event "Early-Titled-Tuesday-Blitz-August-29-2023"]
[Site "Chess.com"]
[Date "2023.08.29"]
[Round "10"]
[White "sergoy"]
[Black "GMG"]
[Result "1-0"]
[WhiteElo "2954"]
[BlackElo "2742"]
[TimeControl "180+1"]
[EndTime "9:54:33 PDT"]
[Termination "sergoy won on time"]

1. d4 d5 2. c4 e6 3. Nf3 a6 4.
cxd5 exd5 5. Nc3 c6 6. Bg5 Be7 7. Bxe7 Qxe7 8. e3 Bf5 9. Be2 Nf6 10. O-O O-O 11. a3 a5 12. Ne5 Nbd7 13. Nxd7 Nxd7 14. Rc1 Nb6 15. Qb3 Nc8 16. Na4 Nd6 17. Nc5 g6 18. Qb6 h5 19. Qb3 h4 20. h3 Kg7 21.
Qd1 g5 22. Bd3 Bxd3 23. Nxd3 f6 24. b3 a4 25. b4 Nc4 26. Rc3 b5 27. Nc5 Rae8 28.
Kh1 Qf7 29. Qc2 Qg6 30. Nd3 Rh8 31. Qe2 Qe4 32. Re1 Re7 33. Nc5 Qf5 34. f3 Rhe8 35. e4 Qf4 36. Rd3 Kf7 37. Qc2 Qg3 38. Rdd1 Kg7 39.
Re2 Qf4 40. Rde1 Qg3 41. Qd3 dxe4 42. Nxe4 Qf4 43. d5 cxd5 44. Qxd5 f5 45. Nc3 Rxe2 46. Rxe2 Qc1+ 47. Kh2 Qf4+ 48. Kh1 Qc1+ 49. Kh2 Qf4+ 50. Kg1 Rxe2 51. Nxe2 Qe3+ 52. Kf1 Nd2+ 53. Ke1 Nc4 54. Qd7+ Kf6 55. Qc6+ Ke7 56. Qxb5 Qd2+ 57. Kf2 Qe3+ 58. Kf1 Nd2+ 59. Ke1 Nb1 60. Qb7+ Kd6 61. Qb8+ Kd5 62.
Qb7+ Kc4 63. Qc6+ Kb3 64. b5 Nxa3 65. b6 1-0

[Event "Early-Titled-Tuesday-Blitz-August-29-2023"]
[Site "Chess.com"]
[Date "2023.08.29"]
[Round "10"]
[White "brm72"]
[Black "SAInt_666"]
[Result "1-0"]
[WhiteElo "2575"]
[BlackElo "2665"]
[TimeControl "180+1"]
[EndTime "9:54:35 PDT"]
[Termination "brm72 won by checkmate"]

1. e4 c5 2. Nf3 d6 3. d4 cxd4 4. Nxd4 Nf6 5. Nc3 Nc6 6. Bg5 e6 7. f3 Qb6 8. Nb3 Be7 9. Qd2 h6 10. Be3 Qc7 11. O-O-O a6 12. Kb1 b5 13. g4 Nd7 14. h4 Nde5 15. Be2 Bd7 16. f4 Nc4 17. Bxc4 bxc4 18. Nd4 Rb8 19. Ka1 Qb7 20. Rb1 Bf6 21.
Rhd1 Bxh4 22. Nxc6 Bxc6 23. Qxd6 Bf6 24. g5 hxg5 25.
fxg5 Be7 26. Qe5 Rh3 27. Bd4 g6 28. Qf4 Rc8 29. Bf6 Qc7 30. e5 Bf8 31. Qxc4 Qb7 32. Qd4 Qc7 33. Ne4 Bxe4 34. Qxe4 Be7 35. Qa4+ Kf8 36.
Rh1 Bxf6 37. exf6 Rh5 38. Rxh5 gxh5 39. c3 Qc4 40. Qd7 Qc6 41. Qe7+ Kg8 42. g6 Qc7 43. gxf7+ Kh8 44. f8=Q+ Rxf8 45. Qxf8+ Kh7 46. Qe7+ Kg6 47. Qe8+ Kxf6 48. Qh8+ Ke7 49. Qh7+ Kd6 50. Qxc7+ Kxc7 51. Rh1 Kd6 52. Rxh5 Kc6 53. Kb1 Kd6 54. Kc2 Kc6 55.
Kd3 Kb6 56. Rh6 Kb5 57. Rxe6 a5 58. Re4 Kc5 59. Kc2 Kb5 60. Kb3 Kc5 61. Ka4 Kd5 62. Rh4 Kc5 63. Kxa5 Kc6 64. b4 Kb7 65. c4 Kc6 66. b5+ Kb7 67. b6 Kc6 68. Ka6 Kc5 69. b7 Kb4 70. b8=Q+ Kc3 71. c5 Kc2 72. c6 Kc3 73. c7 Kd3 74. c8=Q Ke3 75. Qe5+ Kf3 76. Qcf5+ Kg2 77. Qe2+ Kg3 78. Qeg4# 1-0

[Event "Early-Titled-Tuesday-Blitz-August-29-2023"]
[Site "Chess.com"]
[Date "2023.08.29"]
[Round "10"]
[White "AdvanceGuard4"]
[Black "YEIKO2017"]
[Result "0-1"]
[WhiteElo "2622"]
[BlackElo "2486"]
[TimeControl "180+1"]
[EndTime "9:54:36 PDT"]
[Termination "YEIKO2017 won by resignation"]

1. d4 Nf6 2. c4 e5 3. dxe5 Ng4 4. Bf4 Nc6 5. Nf3 Bb4+ 6. Nbd2 Qe7 7. e3 Ngxe5 8.
Nxe5 Nxe5 9. Be2 O-O 10. O-O d6 11. a3 Bc5 12. Ne4 Bb6 13. Nc3 c6 14. Qd2 Be6 15. b3 Rad8 16. Rfd1 Bc7 17. Qc2 Ng6 18. Bg3 f5 19. Bh5 Qg5 20. Bxg6 Qxg6 21. Nd5 Bxd5 22.
cxd5 c5 23. b4 Bb6 24. Qc4 cxb4 25. axb4 Rc8 26. Qf4 Rfd8 27. Rac1 Rxc1 28. Rxc1 Qf7 29. h3 Qxd5 30. Qg5 h6 31. Qh5 Qf7 32. Qf3 d5 33.
Be5 d4 34. exd4 Bxd4 35. Rd1 Bb6 36. Rxd8+ Bxd8 37. b5 Bb6 38. Qd3 Kh7 39. g4 Qg6 40.
Qxf5 Qxf5 41. gxf5 g5 42. fxg6+ Kxg6 43. Kf1 Kf5 44. Bg7 h5 45. Ke2 Ke4 46. Bf8 Kd5 47. f4 Kc4 48. f5 Bd4 49. Be7 Kxb5 50. Kd3 Bh8 51. f6 Bxf6 52. Bxf6 a5 53. Ke4 Kc4 54.
Kf5 b5 55. Kg5 b4 56. Kxh5 a4 57. Kg4 a3 58. h4 b3 59. h5 b2 60. h6 b1=Q 61. Kg5 Qh7 62. Bg7 a2 0-1

[Event "Early-Titled-Tuesday-Blitz-August-29-2023"]
[Site "Chess.com"]
[Date "2023.08.29"]
[Round "10"]
[White "Bilan_Danila"]
[Black "tylityli"]
[Result "1-0"]
[WhiteElo "2496"]
[BlackElo "2346"]
[TimeControl "180+1"]
[EndTime "9:54:38 PDT"]
[Termination "Bilan_Danila won on time"]

1. d4 Nf6 2. Nf3 d5 3. c4 dxc4 4. e3 a6 5. Bxc4 b5 6. Be2 Bb7 7. O-O e6 8. a3 c5 9. dxc5 Qxd1 10. Rxd1 Bxc5 11. b4 Be7 12. Bb2 O-O 13. Nbd2 Nbd7 14. Nb3 Rac8 15. Na5 Be4 16. Rac1 h6 17. Nd4 Rfe8 18.
Ndc6 Bf8 19. f3 Bxc6 20. Nxc6 Nb6 21. e4 Nc4 22. Bxc4 Rxc6 23. Bb3 Rxc1 24. Rxc1 Ra8 25.
Bd4 Ne8 26. Kf2 Nd6 27. Rc6 a5 28. Bc5 Nc4 29. Bxf8 Kxf8 30. Bxc4 bxc4 31. b5 Rd8 32. Rxc4 Rd2+ 33. Kg3 Rb2 34. a4 Ke7 35. Rc7+ Kf6 36.
Ra7 h5 37. h4 g5 38. hxg5+ Kxg5 39. Rxa5 h4+ 40. Kh3 e5 41. Ra8 f6 42. Rg8+ Kf4 43.
Kxh4 Rb1 44. Kh5 Rb4 45. Kg6 Rxa4 46. Kxf6 Rb4 47. Rb8 Rb2 48. g4 Kxf3 49. Kxe5 Kxg4 50.
Rg8+ Kf3 51. Rb8 Rb4 52. Kd6 Rxe4 53. Kc6 Rc4+ 54. Kd5 Rb4 55. Kc5 Rb3 56. Re8 Kf4 57. b6 Kf5 58. Kc6 Rc3+ 59. Kb5 Rb3+ 60. Ka6 Ra3+ 61.
Kb7 Rb3 62. Kc7 Kf6 63. b7 Rc3+ 64. Kd6 Rd3+ 65. Kc5 Rc3+ 66. Kb4 1-0

[Event "Early-Titled-Tuesday-Blitz-August-29-2023"]
[Site "Chess.com"]
[Date "2023.08.29"]
[Round "10"]
[White "Let_it_be_1"]
[Black "ljuks68"]
[Result "1/2-1/2"]
[WhiteElo "2621"]
[BlackElo "2467"]
[TimeControl "180+1"]
[EndTime "9:54:39 PDT"]
[Termination "Game drawn - insufficient material"]

1. e4 e6 2. d4 d5 3. Nd2 Nf6 4. e5 Nfd7 5. Bd3 c5 6. c3 Nc6 7. Ne2 cxd4 8. cxd4 f6 9. exf6 Qxf6 10. Nf3 h6 11. O-O Bd6 12. Nc3 O-O 13. Be3 Rd8 14.
Rc1 Nf8 15. Bb1 Bd7 16. Nd2 Nxd4 17. Nde4 dxe4 18. Bxd4 Qe7 19. Nxe4 Bc6 20. Nxd6 Rxd6 21. Qg4 Rd5 22. Be3 Qf6 23. Be4 Rd6 24. Bxc6 Rxc6 25. Rxc6 bxc6 26. Bd4 Qf5 27. Qe2 c5 28. Bc3 Rd8 29. g3 Rd3 30. Re1 Qd5 31. Qe5 Qxe5 32. Rxe5 Rd5 33. Re4 Kf7 34. Ra4 Rd7 35. Ra6 Rc7 36.
b3 Nd7 37. Kf1 g6 38. Ke2 h5 39. h4 Nb6 40. Ba5 Rb7 41. Bxb6 axb6 42. Kd3 Rd7+ 43.
Kc3 b5 44. Rc6 b4+ 45. Kc2 Rd5 46. Rc8 Kf6 47. f3 e5 48. Rf8+ Kg7 49. Rc8 Kf6 50. g4 hxg4 51. fxg4 e4 52. Rc6+ Ke5 53. Rxg6 Kf4 54.
Re6 e3 55. g5 Rd2+ 56. Kc1 Rg2 57. g6 e2 58. Kd2 Kf3 59. Rf6+ Kg4 60. Ke1 Kxh4 61.
Re6 Kh5 62. Rxe2 Rxg6 63. Re5+ Rg5 64. Rxg5+ Kxg5 65. Ke2 Kf5 66. Kd3 Ke5 67. Kc4 Kd6 68. Kb5 Kd5 69. Kb6 c4 70. bxc4+ Kxc4 71. Ka5 b3 72.
axb3+ Kxb3 1/2-1/2

[Event "Early-Titled-Tuesday-Blitz-August-29-2023"]
[Site "Chess.com"]
[Date "2023.08.29"]
[Round "10"]
[White "Arseniy_Nesterov"]
[Black "BogdanDeac"]
[Result "0-1"]
[WhiteElo "2881"]
[BlackElo "3020"]
[TimeControl "180+1"]
[EndTime "9:54:41 PDT"]
[Termination "BogdanDeac won by resignation"]

1. d4 Nf6 2. c4 e6 3. Nf3 d5 4. g3 Be7 5. Bg2 O-O 6. O-O dxc4 7.
Qc2 a6 8. a4 Bd7 9. Qxc4 Bc6 10.
Bf4 Bd6 11. Qc1 h6 12. Re1 Bxf4 13. Qxf4 Bxf3 14. Bxf3 Nc6 15. Bxc6 bxc6 16. Na3 Rb8 17. Nc4 Rb4 18. Ne5 Rxd4 19. Qf3 Rd7 20. Nxd7 Qxd7 21.
Red1 Qe8 22. Rac1 Nd5 23. Rc5 Qb8 24. b3 Qb6 25. Rdc1 Ne7 26. Qd3 Rb8 27. a5 Qb7 28. b4 Qxb4 29. Qxa6 g6 30. Qc4 Qa3 31. Qc3 Rb3 32. Qa1 Qb4 33. a6 Ra3 34. Qf6 Nd5 35. Qd8+ Kg7 36. Rxc6 Qb2 37. e4 Nf6 38. R6c2 Qe5 39.
Qxc7 Qxc7 40. Rxc7 Rxa6 41. f3 g5 42. h3 h5 43. Kg2 g4 44. hxg4 hxg4 45. R1c2 gxf3+ 46. Kxf3 Ra4 47. R7c4 Ra5 48. Rd2 Kg6 49. Rb2 Ra3+ 50.
Kg2 Nh5 51. Kf2 Nxg3 52. Rb8 Nh5 53. Rg8+ Kf6 54. e5+ Kf5 55. Rh8 Nf4 56. Rf8 Nd3+ 57. Ke2 Nxe5 58. Rc5 Ra7 59. Ke3 Kf6 60. Rh8 Ra3+ 61.
Ke2 Ra2+ 62. Kf1 Ra1+ 63. Ke2 Ra4 64. Rh6+ Kg7 65. Rh1 Re4+ 66. Kf2 Nd3+ 67. Kf3 Nxc5 0-1

[Event "Early-Titled-Tuesday-Blitz-August-29-2023"]
[Site "Chess.com"]
[Date "2023.08.29"]
[Round "10"]
[White "sokidze"]
[Black "Chessbard1972"]
[Result "1-0"]
[WhiteElo "2750"]
[BlackElo "2553"]
[TimeControl "180+1"]
[EndTime "9:54:41 PDT"]
[Termination "sokidze won by checkmate"]

1. d4 Nf6 2. c4 g6 3. Nc3 Bg7 4. e4 d6 5. h3 O-O 6. Bg5 Na6 7. Nf3 h6 8. Be3 c5 9. d5 e6 10. Qd2 exd5 11. exd5 Kh7 12. Bd3 Re8 13. O-O Nc7 14.
a4 Rb8 15. Rae1 a6 16. a5 b5 17. axb6 Rxb6 18. Bf4 Rb4 19. Rxe8 Ncxe8 20. Ra1 Nh5 21.
Be3 f5 22. Ra2 Qf6 23. Qe2 Nc7 24. Bd2 Bd7 25. Ne1 Rb8 26. Nc2 Re8 27. Qf3 Qe5 28. Ra1 Qe7 29. Ne3 Nf6 30. Re1 Qf7 31. Qg3 Rb8 32.
Qxd6 Rxb2 33. Qxc7 Rxd2 34. Rd1 Ne8 35. Qa5 Rxd1+ 36.
Nexd1 Bd4 37. Qxa6 Qg7 38. Ne2 Be5 39. Qb7 Nd6 40.
Qb6 Ba4 41. Ne3 f4 42. Ng4 f3 43. gxf3 h5 44. Nxe5 Qxe5 45. Qc7+ Kh6 46. Qxc5 Bd1 47.
Qe3+ Qxe3 48. fxe3 Nf5 49. Bxf5 Bxe2 50. d6 gxf5 51.
d7 Bxc4 52. d8=Q Bf7 53. f4 Kg6 54. Qg5+ Kh7 55. h4 Bg6 56. Kf2 Kg7 57. e4 Kf7 58.
exf5 Bh7 59. f6 Bg6 60. f5 Bh7 61. Qg7+ Ke8 62. Qe7# 1-0

[Event "Early-Titled-Tuesday-Blitz-August-29-2023"]
[Site "Chess.com"]
[Date "2023.08.29"]
[Round "10"]
[White "JoshuaGK27"]
[Black "ljm509"]
[Result "1-0"]
[WhiteElo "2406"]
[BlackElo "2235"]
[TimeControl "180+1"]
[EndTime "9:54:41 PDT"]
[Termination "JoshuaGK27 won by checkmate"]

1. e4 e6 2. d4 d5 3. e5 c5 4. c3 Nc6 5. Nf3 Qb6 6. a3 a5 7. Bd3 Bd7 8. Bc2 Nge7 9. O-O Nf5 10. dxc5 Bxc5 11. a4 O-O 12. Nbd2 Be7 13. Nb3 Rad8 14. Qd3 g6 15. Re1 f6 16. Nbd4 fxe5 17. Nxc6 bxc6 18. Nxe5 Bc5 19. Be3 Nxe3 20. fxe3 Bd6 21. Nxg6 Rf7 22. Rf1 Rg7 23. Nf4 e5 24. Nh5 e4 25. Qd4 Qxd4 26.
cxd4 Rg6 27. Nf4 Bxf4 28. Rxf4 Rf8 29. Rxf8+ Kxf8 30. Rb1 Ke7 31. b4 axb4 32. Rxb4 Rg8 33. Rb7 Kd6 34. h3 Ra8 35. Kh2 h5 36. Kg3 Rg8+ 37.
Kf2 h4 38. Bd1 Rf8+ 39. Kg1 Ra8 40. Kh2 Rg8 41. Be2 Ra8 42. Rb4 Rg8 43. a5 Ra8 44. a6 Bc8 45. Ra4 Kc7 46. g4 hxg3+ 47. Kxg3 Kb6 48. h4 Bd7 49. Kf4 Ka7 50. Rb4 Bc8 51. h5 Bxa6 52. Bxa6 Kxa6 53. Ra4+ Kb7 54. Rxa8 Kxa8 55. h6 c5 56. dxc5 Kb7 57. h7 Kc6 58.
h8=Q Kxc5 59. Qd4+ Kc6 60. Kf5 Kd6 61. Kf6 Kc6 62.
Ke5 Kb5 63. Qxd5+ Kb4 64. Qxe4+ Kc3 65. Qd4+ Kc2 66. Kd5 Kb1 67. e4 Kc2 68. e5 Kb1 69. e6 Kc2 70. e7 Kb1 71. e8=Q Kc2 72. Qe2+ Kb1 73. Qdd1# 1-0

[Event "Early-Titled-Tuesday-Blitz-August-29-2023"]
[Site "Chess.com"]
[Date "2023.08.29"]
[Round "10"]
[White "mapleaff"]
[Black "Rosh1610"]
[Result "1-0"]
[WhiteElo "2333"]
[BlackElo "2446"]
[TimeControl "180+1"]
[EndTime "9:54:43 PDT"]
[Termination "mapleaff won by checkmate"]

1. d4 Nf6 2. Bf4 d5 3. Nf3 e6 4.
e3 Bd6 5. Nbd2 c5 6. c3 Qc7 7.
Bxd6 Qxd6 8. Ne5 Nbd7 9. f4 cxd4 10. exd4 Ne4 11. Bb5 O-O 12. Bxd7 Bxd7 13. Nxe4 dxe4 14. O-O f6 15. Nc4 Qc7 16. Ne3 Bb5 17. c4 Ba6 18. Qb3 f5 19. g3 b6 20. Rfd1 Rfe8 21.
d5 exd5 22. cxd5 Qd6 23. Nxf5 Qc5+ 24. Qe3 Qb4 25. Qd4 Qf8 26. Ne3 Bd3 27. Rac1 Rac8 28. Rc3 Rxc3 29. Qxc3 Rc8 30. Qd4 g6 31. Ng4 Qc5 32.
Nf6+ Kf7 33. Qxc5 Rxc5 34. Nxh7 Rxd5 35. Ng5+ Kf6 36. Kf2 Rb5 37. Rd2 Ra5 38. a3 Ra4 39. Ke3 a5 40. h3 b5 41. Rd1 Rc4 42. Rd2 a4 43. g4 Ke7 44. Rf2 Kf6 45. Rh2 Kg7 46.
h4 Kf6 47. h5 gxh5 48. gxh5 Rc1 49. Nxe4+ Bxe4 50. Kxe4 Re1+ 51. Kd4 Rf1 52. Kc5 Rxf4 53. h6 Rc4+ 54. Kxb5 Rc8 55. h7 Rh8 56. Kxa4 Ke6 57. b4 Kd6 58. Kb3 Kc7 59. Kc4 Kb7 60. Kd5 Ka8 61.
Ke6 Ka7 62. Kf6 Ka6 63. Kg7 Rb8 64. h8=Q Rb7+ 65. Kf6 Kb5 66. Qh5+ Ka4 67. Qa5+ Kb3 68. Qd5+ Ka4 69. Qxb7 Kb3 70. Qd5+ Ka4 71. b5 Ka5 72. b6+ Ka6 73. b7 Ka7 74. Rb2 Kb8 75. Qd8+ Ka7 76. b8=Q+ Ka6 77. Qdb6# 1-0